 Dungeon Crawl Stone Soup version 0.18.1-48-g4cf74bf (console) character file.

9405 Kloppie the Basher (level 11, -8/64 HPs)
             Began as a Gargoyle Fighter on June 27, 2016.
             Was an Elder of the Shining One.
             Mangled by a polar bear (12 damage)
             ... on level 2 of the Lair of Beasts.
             The game lasted 00:19:40 (8953 turns).

Kloppie the Basher (Gargoyle Fighter)               Turns: 8953, Time: 00:19:40

Health: -8/64      AC: 32    Str: 24    XL:     11   Next: 46%
Magic:  11/11      EV:  7    Int:  6    God:    the Shining One [****..]
Gold:   840        SH: 12    Dex: 12    Spells: 0 memorised, 10 levels left

rFire  . . .     SeeInvis .     a - +0 flail (holy)
rCold  . . .     Gourm    .     t - +8 chain mail of Valour {-Tele Str+5 Int-4 Slay+3}
rNeg   + + +     Faith    .     c - +0 shield
rPois  ∞         Spirit   .     r - +0 helmet
rElec  +         Dismiss  .     C - +0 cloak
rCorr  .         Reflect  .     e - +0 pair of gloves
SustAt +         Harm     .     v - +0 pair of boots
MR     .....     NoTele   +     (no amulet)
Stlth  ..........               x - ring of sustain attributes
                                (no ring)

@: glowing, not resistant to hostile enchantments, extremely unstealthy
A: negative energy resistance 1, electricity resistance, unbreathing,
petrification resistance, rot immunity, AC +7
a: Divine Shield, Cleansing Flame, Renounce Religion


You were on level 2 of the Lair of Beasts.
You worshipped the Shining One.
The Shining One was greatly pleased with you.
You were not hungry.

You visited 2 branches of the dungeon, and saw 10 of its levels.
You also visited: Ossuary.

You collected 889 gold pieces.
You spent 49 gold pieces at shops.

Inventory:

Hand Weapons
 a - a +0 flail of holy wrath (weapon)
 k - a +0 morningstar
Armour
 c - a +0 shield (worn)
 e - a +0 pair of gloves (worn)
 p - a +0 plate armour
 r - a +0 helmet (worn)
 t - the +8 chain mail of Valour (worn) {-Tele Str+5 Int-4 Slay+3}
   (You found it on level 7 of the Dungeon)

   It affects your strength (+5).
   It affects your intelligence (-4).
   It affects your accuracy and damage with ranged weapons and melee attacks
   (+3).
   It prevents most forms of teleportation.
 v - a +0 pair of boots (worn)
 A - a +2 large shield
 C - a +0 cloak (worn)
Jewellery
 x - a ring of sustain attributes (right hand)
Wands
 b - a wand of disintegration (10/24)
 u - a wand of paralysis (10/24)
 y - a wand of flame (32/48)
Scrolls
 d - 2 scrolls of identify
 o - 3 scrolls of blinking
 q - 6 scrolls of teleportation
 w - 3 scrolls of remove curse
 z - a scroll of recharging
 B - 4 scrolls of fog
Potions
 g - a potion of cancellation
 h - 5 potions of curing
 l - 3 potions of agility
 n - 2 potions of lignification
 s - a potion of flight
 D - a potion of cure mutation
 E - a potion of resistance
Books
 I - a book of Cantrips

   Spells                             Type                      Level
   a - Corona                         Hexes                        1
   b - Animate Skeleton               Necromancy                   1
   c - Summon Small Mammal            Summoning                    1
   d - Apportation                    Translocation                1
 J - a book of Burglary

   Spells                             Type                      Level
   a - Swiftness                      Charms/Air                   2
   b - Passwall                       Transmutation/Earth          2
   c - Passage of Golubria            Translocation                4
   d - Lee's Rapid Deconstruction     Earth                        5
   e - Darkness                       Hexes                        6
   f - Invisibility                   Hexes                        6
Comestibles
 f - 9 bread rations
 i - 3 beef jerkies
 j - 2 slices of pizza
 m - 12 meat rations
 F - a royal jelly
 G - 9 chunks of flesh


   Skills:
 + Level 5.9 Fighting
 - Level 11.7 Maces & Flails
 - Level 9.3 Armour
 + Level 11.0 Shields


You had 10 spell levels left.
You didn't know any spells.

Dungeon Overview and Level Annotations

Branches:
Dungeon (8/15)             Temple (0/1) D:5            Lair (2/8) D:8

Altars:
Ashenzari
Cheibriados
Fedhas
Gozag
Kikubaaqudgha
Makhleb
Nemelex Xobeh
Okawaru
Pakellas
Qazlal
Ru
Sif Muna
Xom
Yredelemnul
Zin
The Shining One

Shops:
D:3 }   D:6 *

Annotations:
D:4 1 runed door


Innate Abilities, Weirdness & Mutations

You are resistant to torment.
Your stone body is resilient (AC +7).
You are immune to poison.
You resist negative energy.
You are resistant to electric shocks.
You can survive without breathing.
You are immune to petrification.
You are immune to rotting.


Message History

The polar bear bites you!!
* * * LOW HITPOINT WARNING * * *
The polar bear claws you but does no damage. x2
You block the polar bear's attack.
The polar bear claws you but does no damage.
You block the polar bear's attack. The ice beast barely misses you.
You block the ice beast's attack.
Drink which item? (? for menu, Esc to quit)
You feel much better. The polar bear bites you!!
* * * LOW HITPOINT WARNING * * *
You block the polar bear's attack. x2; You block the ice beast's attack.
The ice beast barely misses you.
Read which item? (? for menu, Esc to quit)
You cannot teleport because you are wearing the +8 chain mail of Valour {-Tele Str+5 Int-4 Slay+3}.
You hit the polar bear.
The polar bear is almost dead.
The polar bear bites you but does no damage.
The polar bear claws you but does no damage.
You block the polar bear's attack. The polar bear bites you!
You die...

........................<........
.................................
.................................
.................................
.......................##......##
.............###...##.###......P#
.........(...# ##..#### .#......#
#........#.### ##### ......
##.......### ###@#### .....
........## ##PhYY.≈##P
.........###...Y.≈≈....
..........#.....≈≈≈≈...
..##...........≈≈≈≈.≈≈≈
..P.............≈≈.≈≈≈≈
..............≈≈...≈≈≈
.................≈.≈≈≈≈
........P#......≈.≈≈≈≈


You could see a polar bear (berserk) and 3 ice beasts.

Vanquished Creatures
  Erolcha (D:8)
  Joseph (D:8)
  2 spiny frogs
  2 komodo dragons
  Grinder (D:3)
  10 yaks
  2 hippogriffs (Lair:1)
  The ghost of cutebanana the Conjurer, an amateur DECj (D:5)
  2 water moccasins
  4 porcupines
  2 orc warriors
  2 sky beasts
  2 ice beasts
  A necrophage (D:8)
  2 ogres
  2 phantoms
  4 crocodiles
  A centaur (D:5)
  A gnoll sergeant (D:8)
  13 giant frogs
  3 scorpions
  2 howler monkeys
  An electric eel (D:7)
  4 crimson imps
  6 hounds
  12 orc wizards
  A centaur skeleton (D:8)
  5 orc priests
  3 giant frog skeletons
  Jessica (D:2)
  4 iguanas
  12 worker ants
  Terence (D:3)
  3 mummies
  A hound skeleton (D:6)
  4 worker ant zombies
  Robin (D:2)
  10 river rats (Lair:1)
  8 adders
  15 gnolls
  2 oozes
  An adder zombie (D:6)
  An adder skeleton (D:4)
  3 worms
  3 dart slugs
  5 giant geckos
  34 orcs
  6 bats
  5 giant cockroaches
  27 goblins
  20 hobgoblins
  18 jackals
  15 kobolds
  2 quokkas
  A ball python (D:7)
  A giant cockroach zombie (D:6)
  A giant gecko skeleton (D:5)
  2 giant newts
  A goblin skeleton (D:4)
  A quokka skeleton (D:5)
  6 rats
  2 fungi (D:1)
310 creatures vanquished.

Vanquished Creatures (collateral kills)
  A yak (Lair:1)
1 creature vanquished.

Grand Total: 311 creatures vanquished

Notes
Turn   | Place    | Note
--------------------------------------------------------------
     0 | D:1      | Kloppie the Gargoyle Fighter began the quest for the Orb.
     0 | D:1      | Reached XP level 1. HP: 14/14 MP: 1/1
    79 | D:1      | Reached XP level 2. HP: 19/19 MP: 2/2
   384 | D:1      | Reached XP level 3. HP: 23/23 MP: 3/3
   505 | D:2      | Found a blossoming altar of Fedhas.
   510 | D:2      | Found a stormy altar of Qazlal.
   577 | D:2      | Found a glowing golden altar of the Shining One.
   594 | D:2      | Became a worshipper of the Shining One
   666 | D:2      | Reached XP level 4. HP: 27/28 MP: 4/4
   819 | D:2      | Noticed Jessica
   822 | D:2      | Killed Jessica
   912 | D:2      | Reached XP level 5. HP: 29/32 MP: 5/5
   921 | D:2      | Found a burning altar of Makhleb.
  1030 | D:2      | Reached skill level 5 in Armour
  1486 | D:3      | Noticed Terence
  1499 | D:3      | Killed Terence
  1594 | D:3      | Found an oddly glowing altar of Pakellas.
  1594 | D:3      | Found Pakellas's Prime Provisions.
  1693 | D:3      | Noticed Robin
  1693 | D:3      | Found a faded altar to an unknown god.
  1717 | D:2      | Killed Robin
  1717 | D:2      | Reached XP level 6. HP: 30/37 MP: 6/6
  1898 | D:3      | Noticed Grinder
  1906 | D:3      | Paralysed by Grinder for 7 turns
  1918 | D:3      | Killed Grinder
  1918 | D:3      | Reached skill level 5 in Maces & Flails
  1995 | D:3      | Reached * piety under the Shining One
  2070 | D:4      | Found a sand-covered staircase.
  2086 | Ossuary  | Entered an ossuary
  2096 | Ossuary  | Reached XP level 7. HP: 33/41 MP: 7/7
  2229 | D:4      | Found a runed door.
  2229 | D:4      | Noticed a human
  2232 | D:4      | Found a basalt altar of Yredelemnul.
  2286 | D:4      | HP: 1/41 [ogre/giant club (10)]
  2608 | D:4      | Reached ** piety under the Shining One
  3094 | D:5      | Entered Level 5 of the Dungeon
  3099 | D:5      | Reached XP level 8. HP: 46/46 MP: 8/8
  3166 | D:5      | Noticed cutebanana's ghost (amateur DECj)
  3189 | D:5      | Killed cutebanana's ghost
  3523 | D:5      | Found a staircase to the Ecumenical Temple.
  4007 | D:6      | Reached XP level 9. HP: 11/51 MP: 9/9
  4420 | D:6      | Found Lesuno's Luxury Loot.
  4422 | D:6      | Reached *** piety under the Shining One
  4443 | D:6      | Bought a cursed ring of loudness for 49 gold pieces
  5092 | D:7      | Reached skill level 5 in Shields
  5358 | D:7      | Got a faintly humming chain mail
  5359 | D:7      | Identified the +8 chain mail of Valour {-Tele Str+5 Int-4 Slay+3} (You found it on level 7 of the Dungeon)
  5395 | D:7      | Found a glowing silver altar of Zin.
  5395 | D:7      | Noticed an angel
  5755 | D:7      | Found a shimmering altar of Xom.
  5960 | D:8      | Noticed Joseph
  5978 | D:8      | Killed Joseph
  5978 | D:8      | Reached skill level 10 in Maces & Flails
  5978 | D:8      | Reached XP level 10. HP: 31/56 MP: 10/10
  6002 | D:8      | Found a staircase to the Lair.
  6107 | D:8      | Noticed Erolcha
  6121 | D:8      | Killed Erolcha
  6409 | D:8      | Found a shattered altar of Ashenzari.
  6412 | D:8      | Found an iron altar of Okawaru.
  6413 | D:8      | Found an ancient bone altar of Kikubaaqudgha.
  6414 | D:8      | Found an oddly glowing altar of Pakellas.
  6416 | D:8      | Found an opulent altar of Gozag.
  6417 | D:8      | Found a deep blue altar of Sif Muna.
  6419 | D:8      | Found a snail-covered altar of Cheibriados.
  6468 | D:8      | Reached **** piety under the Shining One
  6597 | D:8      | Found a sparkling altar of Nemelex Xobeh.
  6612 | D:8      | Found a sacrificial altar of Ru.
  6742 | Lair:1   | Entered Level 1 of the Lair of Beasts
  6958 | Lair:1   | Noticed a spiny frog
  6986 | D:8      | Killed a spiny frog
  7284 | Lair:1   | Reached XP level 11. HP: 21/60 MP: 11/11
  7572 | Lair:1   | Reached skill level 10 in Shields
  8174 | Lair:1   | Reached skill level 5 in Fighting
  8300 | Lair:1   | Identified a scroll of acquirement
  8951 | Lair:2   | HP: 3/64 [polar bear (21)]
  8953 | Lair:2   | Mangled by a polar bear

Skill      XL: |  1  2  3  4  5  6  7  8  9 10 11 |
---------------+----------------------------------+-----
Maces & Flails | 3 4 5 6 8 10 11 | 11.7
Armour         | 4 5 6 7 9 |  9.3
Shields        | 7 9 11 | 11.0
Fighting       | 5 |  5.9

Action                   |  1- 3 |  4- 6 |  7- 9 | 10-12 || total
-------------------------+-------+-------+-------+-------++-------
Melee: Flail             |   144 |   174 |   556 |   349 ||  1223
  Use: Potion            |       |     1 |     8 |     7 ||    16
       Scroll            |       |       |    16 |     3 ||    19
  Eat: Chunk             |       |     4 |    14 |     5 ||    23
       Meat ration       |       |       |       |     1 ||     1
Armor: Scale mail        |    86 |   105 |   193 |       ||   384
       Chain mail        |       |       |   176 |   320 ||   496
       Skin              |       |       |       |    16 ||    16
Dodge: Dodged            |    72 |    89 |   247 |   142 ||   550
Block: Shield            |       |       |       |    63 ||    63
